 Dungeon Sprint DCSS version 0.29.1-14-g9c671dbff4 (webtiles) character file.

Game seed: 16322439718609047591

3397 Groucho the Unseen (level 9, -3/39 HPs)
             Began as a Spriggan Enchanter on Feb 18, 2023.
             Was the Champion of Dithmenos.
             Slain by an orc sorcerer
             ... wielding a +0 dagger
             ... led by an orc knight
              (8 damage)
             ... in the Dungeon (Sprint VII: "The Pits").
             The game lasted 00:04:25 (1445 turns).

Groucho the Unseen (Spriggan Enchanter)             Turns: 1445, Time: 00:04:26

Health: -3/39      AC: -1    Str:  8    XL:     9   Next: 75%
Magic:  23/26      EV: 12    Int: 19    God:    Dithmenos [******]
Gold:   0          SH:  0    Dex: 19    Spells: 22/33 levels left

rFire   . . .      SeeInvis +   f - +2 dagger (venom)
rCold   . . .      Faith    .   (no shield)
rNeg    . . .      Spirit   .   b - +0 robe
rPois   .          Reflect  .   (helmet restricted)
rElec   .          Harm     .   t - +0 cloak
rCorr   .          Rampage  .   (gloves unavailable)
Will    +....      NoTele   +   (boots unavailable) Stlth ***+++++++
                                (no amulet)
HPRegen 0.13/turn               n - +3 ring of intelligence
MPRegen 0.20/turn               o - +3 ring of dexterity

@: corroded, held, wreathed by umbra, very quick
A: very small, no large weapons, unfitting armour, see invisible, speed 3
a: Renounce Religion, Shadow Step, Shadow Form


You were in the Dungeon.
You worshipped Dithmenos.
Dithmenos was exalted by your worship.
You visited 1 branch

Inventory:

Hand Weapons
 a - a +2 dagger
 f - a +2 dagger of venom (weapon)
 s - a +2 rapier of electrocution
Missiles
 l - 10 stones (quivered)
Armour
 b - a +0 robe (worn)
 m - +0 steam dragon scales
 t - a +0 cloak (worn)
Jewellery
 n - a +3 ring of intelligence (left hand)
 o - a +3 ring of dexterity (right hand)
Scrolls
 i - a scroll of blinking
 j - 5 scrolls of amnesia
 k - a scroll of summoning
Potions
 c - 2 potions of invisibility
 d - 6 potions of curing
 e - 9 potions of heal wounds
 g - 4 potions of magic
 h - 3 potions of berserk rage
 p - 2 potions of haste
 q - 2 potions of brilliance
 r - 3 potions of mutation


   Skills:
 - Level 10.0 Short Blades
 + Level 9.8 Dodging
 - Level 17.0 Stealth
 + Level 12.8 Spellcasting
 + Level 13.1 Hexes
 + Level 7.1 Invocations


You had 22 spell levels left.
You knew the following spells:

 Your Spells              Type           Power      Damage    Failure   Level
a - Ensorcelled Hibernat  Hex/Ice        74%        N/A       1%          2
b - Confusing Touch       Hex            58%        N/A       1%          3
c - Dazzling Flash        Conj/Hex       74%        N/A       1%          3
d - Tukima's Dance        Hex            58%        N/A       1%          3

Your spell library contained the following spells:

 Spells                   Type           Power      Damage    Failure   Level


Dungeon Overview and Level Annotations

Branches:
Dungeon (1/1)

Altars:
Ashenzari
Cheibriados
Dithmenos
Elyvilon
Fedhas
Gozag
Hepliaklqana
Kikubaaqudgha
Makhleb
Nemelex Xobeh
Okawaru
Qazlal
Ru
Sif Muna
Trog
Uskayaw
Vehumet
Wu Jian
Xom
Yredelemnul
Zin
The Shining One
Jiyva
Lugonu

Annotations:
D Harold


Innate Abilities, Weirdness & Mutations

You are very small and have problems with some larger weapons.
You are too small for most types of armour.
You have supernaturally acute eyesight. (SInv)
You cover ground extremely quickly. (Speed+++)


Message History

You hear a bellow!
You hear a loud, deep croak!
You hear a bellow!
You hear a shout!
An orc comes into view. It is wielding a +0 club.
The orc completely misses you. The orc closely misses you.
The orc sorcerer mumbles some strange words.
An orc comes into view. It is wielding a +0 club.
You hear a chilling moan.
You see here a +0 flail.
You kill the orc!
Dithmenos accepts your kill.
Harold throws a throwing net.
The throwing net hits you.
You become entangled in the net!
You see here a throwing net.
You struggle against the net.
A bat comes into view.
The bat skeleton barely misses you.
The orc wizard mumbles some strange words.
The orc wizard flickers and vanishes for a moment.
The orc sorcerer hits you with a +0 dagger.
You struggle against the net.
The bat skeleton hits you but does no damage.
The bat skeleton barely misses you.
A wolf comes into view. x2
The bat skeleton hits you.
The orc knight hits you with a +0 great mace!
You emit a cloud of dark smoke.
The rust devil hits you. The rust devil corrodes you!
The orc sorcerer hits you with a +0 dagger.
* * * LOW HITPOINT WARNING * * *
A death yak comes into view.
Unknown command.
Unknown command.
You struggle against the net.
The bat skeleton closely misses you. The bat skeleton misses you.
A centaur comes into view.
The orc hits you with a +0 short sword.
* * * LOW HITPOINT WARNING * * *
You emit a cloud of dark smoke.
The orc sorcerer hits you with a +0 dagger!
You die...

###'#####)'#####
.......##''#####
.......##......# ..
.......##......# ...
...<...###....## ###h.
.......# ##''## ###..'...
.......###....###h...# '##
.......##......#o4b.##.W.#
#########......§@oZ.'..c..
#########......#o@o.##..
..#..[[###....###...W#
..#...[# ##''## ###..'o..
.†'...)# #.)..# ###Y..#
..#..))##......# ..o
†.#..))##....o.# ..
################ #


You could see a death yak, Harold, an orc knight, a rust devil (summoned), a
wraith (wandering), an orc sorcerer, a phantom, 2 wolves, a centaur, an orc
wizard (invisible), 2 orcs, a bat and a bat skeleton.

Vanquished Creatures
  A boulder beetle (D)
  An orc high priest (D)
  A rime drake (D)
  2 flying skulls (D)
  A vampire (D)
  A steam dragon (D)
  A warg (D)
  A water moccasin (D)
  A floating eye (D)
  A swamp drake (D)
  3 black bears (D)
  2 orc warriors (D)
  2 ogres (D)
  A phantom (D)
  A bullfrog (D)
  3 orc priests (D)
  An iguana (D)
  2 orc wizards (D)
  An adder (D)
  9 orcs (D)
  A ball python (D)
  An endoplasm (D)
  2 giant cockroaches (D)
  2 goblins (D)
  A kobold (D)
  A quokka (D)
  2 frilled lizards (D)
46 creatures vanquished.

Notes
Turn   | Place    | Note
-------+----------+-------------------------------------------
     0 | D        | Groucho the Spriggan Enchanter began the quest for the Orb.
     0 | D        | Reached XP level 1. HP: 9/9 MP: 5/5
    39 | D        | Found a bloodstained altar of Trog.
    39 | D        | Found a shimmering blue altar of Sif Muna.
    39 | D        | Found a viscous altar of Jiyva.
    39 | D        | Found a hazy altar of Hepliaklqana.
    39 | D        | Found an opulent altar of Gozag.
    40 | D        | Found a glowing golden altar of the Shining One.
    40 | D        | Found a glowing silver altar of Zin.
    40 | D        | Found a basalt altar of Yredelemnul.
    40 | D        | Found a shimmering altar of Xom.
    40 | D        | Found an ornate altar of the Wu Jian Council.
    40 | D        | Found a sacrificial altar of Ru.
    40 | D        | Found a stormy altar of Qazlal.
    40 | D        | Found an iron altar of Okawaru.
    40 | D        | Found a sparkling altar of Nemelex Xobeh.
    40 | D        | Found a burning altar of Makhleb.
    40 | D        | Found a blossoming altar of Fedhas.
    40 | D        | Found a white marble altar of Elyvilon.
    40 | D        | Found a shadowy altar of Dithmenos.
    40 | D        | Found a snail-covered altar of Cheibriados.
    41 | D        | Found a radiant altar of Vehumet.
    41 | D        | Found a corrupted altar of Lugonu.
    42 | D        | Found a hide-covered altar of Uskayaw.
    42 | D        | Found an ancient bone altar of Kikubaaqudgha.
    42 | D        | Found a broken altar of Ashenzari.
    55 | D        | Became a worshipper of Dithmenos the Shadowed
    75 | D        | Reached skill level 6 in Stealth
    75 | D        | Reached XP level 2. HP: 13/13 MP: 5/7
    83 | D        | Reached * piety under Dithmenos
    95 | D        | Reached ** piety under Dithmenos
   102 | D        | Reached skill level 8 in Stealth
   102 | D        | Reached skill level 5 in Hexes
   102 | D        | Reached XP level 3. HP: 16/16 MP: 6/9
   146 | D        | Noticed a black bear
   146 | D        | Noticed a bullfrog
   152 | D        | Reached *** piety under Dithmenos
   154 | D        | Killed a black bear
   155 | D        | Reached skill level 10 in Stealth
   155 | D        | Reached skill level 5 in Spellcasting
   155 | D        | Reached XP level 4. HP: 21/21 MP: 9/12
   155 | D        | Reached XP level 5. HP: 24/24 MP: 10/14
   159 | D        | Reached skill level 5 in Short Blades
   159 | D        | Reached skill level 11 in Stealth
   161 | D        | Reached **** piety under Dithmenos
   167 | D        | Reached skill level 12 in Stealth
   174 | D        | Reached skill level 13 in Stealth
   174 | D        | Reached XP level 6. HP: 14/28 MP: 13/17
   185 | D        | Reached ***** piety under Dithmenos
   197 | D        | Noticed a swamp drake
   199 | D        | Killed a swamp drake
   200 | D        | Reached skill level 14 in Stealth
   201 | D        | Noticed a flying skull
   201 | D        | Noticed a water moccasin
   201 | D        | Noticed a flying skull
   203 | D        | Killed a flying skull
   204 | D        | Reached skill level 15 in Stealth
   204 | D        | Reached XP level 7. HP: 18/32 MP: 17/20
   206 | D        | Reached skill level 16 in Stealth
   207 | D        | Killed a flying skull
   209 | D        | Reached skill level 17 in Stealth
   209 | D        | Reached skill level 10 in Hexes
   720 | D        | Noticed a boulder beetle
   721 | D        | Noticed a steam dragon
   722 | D        | Killed a boulder beetle
   723 | D        | Reached skill level 5 in Dodging
   723 | D        | Reached skill level 10 in Spellcasting
   723 | D        | Reached XP level 8. HP: 33/36 MP: 17/23
   768 | D        | Learned a level 2 spell: Ensorcelled Hibernation
   772 | D        | Learned a level 3 spell: Confusing Touch
   776 | D        | Learned a level 3 spell: Dazzling Flash
   780 | D        | Learned a level 3 spell: Tukima's Dance
   840 | D        | Noticed a rime drake
   844 | D        | Reached ****** piety under Dithmenos
   862 | D        | Killed a rime drake
   863 | D        | Reached skill level 10 in Short Blades
   863 | D        | Reached XP level 9. HP: 28/39 MP: 15/25
   867 | D        | Reached skill level 5 in Invocations
  1125 | D        | Noticed an orc high priest
  1160 | D        | Noticed a soul eater
  1160 | D        | Noticed a smoke demon
  1161 | D        | Killed an orc high priest
  1436 | D        | Noticed an orc knight
  1436 | D        | Noticed an orc sorcerer
  1436 | D        | Noticed Harold
  1441 | D        | Noticed a rust devil
  1445 | D        | Noticed a death yak
  1445 | D        | Slain by an orc sorcerer

Illustrated notes

Levels and vault maps discovered:
D:        pitsprint [storerooms_1, entrance_room_1, metal_vault_2, armoury_3,
          mini_pit_1, grid_room_1, main_hall_1, silver_pit, the_coven_3,
          the_vestibule_1, steel_vault_1, golden_pit, hallway_of_sentries,
          crystal_vault_3, iron_vault_4, final_vault]

Skill      XL: |  1  2  3  4  5  6  7  8  9 |
---------------+----------------------------+-----
Short Blades   | 2 3 4 6 7 9 10 | 10.0
Stealth        | 6 8 10 13 15 17 | 17.0
Spellcasting   | 3 4 5 7 8 10 11 12 | 12.8
Hexes          | 4 5 6 7 9 11 13 | 13.1
Dodging        | 5 7 9 |  9.8
Invocations    | 3 4 7 |  7.1

Action                   |  1- 3 |  4- 6 |  7- 9 || total
-------------------------+-------+-------+-------++-------
Melee: Dagger            |    17 |    18 |    38 ||    73
 Cast: Ensorcelled Hiber |       |       |    12 ||    12
       Confusing Touch   |       |       |     2 ||     2
Invok: Shadow Step       |       |       |     2 ||     2
  Use: Potion            |     3 |       |     1 ||     4
 Stab: Sleeping          |     9 |    10 |    17 ||    36
       Invisible         |     3 |     2 |       ||     5
       Confused          |       |       |     2 ||     2
Armor: Robe              |       |       |     2 ||     2
Dodge: Dodged            |     6 |     3 |    28 ||    37
